 Dungeon Crawl Stone Soup version 0.30-a0-570-g486de37d69 (webtiles) character file.

Game seed: 14854847667013155162

5 rsvaco the Stinger (level 1, 0/7 HPs)
             Began as a Felid Venom Mage on Dec 29, 2022.
             Slain by a quokka (3 damage)
             ... on level 1 of the Dungeon.
             The game lasted 00:01:16 (138 turns).

rsvaco the Stinger (Felid Venom Mage)                Turns: 138, Time: 00:01:17

Health: 0/7        AC:  1    Str:  4    XL:     1   Next: 66%
Magic:  4/4        EV: 17    Int: 16    God:
Gold:   30         SH:  0    Dex: 16    Spells: 3/4 levels left
                                        Lives:  0   Deaths: 0

rFire   . . .      SeeInvis +    (weapon unavailable)
rCold   . . .      Faith    .    (shield unavailable)
rNeg    . . .      Spirit   .    (body armour unavailable)
rPois   .          Reflect  .    (helmet unavailable)
rElec   .          Harm     .    (cloak unavailable)
rCorr   .          Rampage  .    (gloves unavailable)
Will    .....                    (boots unavailable)
Stlth   ++                       (no amulet)
HPRegen 0.21/turn                (no ring)
MPRegen 0.09/turn                (no ring)

@: quick
A: very small, claws 1, fangs 3, see invisible, speed 1, shaggy fur 1, stealthy
paws, no weapons or thrown items, no armour, multi-lived
a: no special abilities


You were on level 1 of the Dungeon.
You visited 1 branch of the dungeon, and saw 1 of its levels.

You collected 30 gold pieces.

Inventory:

Armour
 b - a +0 robe
Scrolls
 c - a scroll of teleportation {unknown}
 d - a scroll of identify {unknown}
Potions
 a - a potion of magic


   Skills:
 + Level 2.7 Dodging
 + Level 2.8 Stealth
 + Level 2.1 Spellcasting
 + Level 1.1 Transmutations
 + Level 2.9 Poison Magic


You had 3 spell levels left.
You knew the following spells:

 Your Spells              Type           Power      Damage    Failure   Level
a - Sting                 Tmut/Pois      32%        1d4       9%          1

Your spell library contained the following spells:

 Spells                   Type           Power      Damage    Failure   Level
 Poisonous Vapours        Pois/Air       12%        N/A       17%         2
 Shock                    Conj/Air       4%         1d3       21%         1
 Mephitic Cloud           Conj/Pois/Air  4%         N/A       38%         3
 Swiftness                Air            1%         N/A       52%         3
 Olgreb's Toxic Radiance  Pois           11%        N/A       52%         4
 Airstrike                Air            0%         2d(1-17)  90%         4


Dungeon Overview and Level Annotations

Branches:
Dungeon (1/15)

Altars:


Innate Abilities, Weirdness & Mutations

You have sharp claws.
You have razor-sharp teeth.
You have supernaturally acute eyesight. (SInv)
You cover ground quickly. (Speed+)
You are covered in fur. (AC +1)
Your paws help you pounce on unaware monsters.
You are incapable of wielding weapons or throwing items.
You cannot wear armour.
You gain extra lives every three experience levels.


Message History

The sting hits the goblin.
The goblin is poisoned.
The goblin is moderately wounded.
Casting: Sting (safe; 10% risk of failure)
Confirm with . or Enter, or press ? or * to list all spells.
Okay, then.
A kobold comes into view.
It is wielding a +0 short sword of speed.
You kill the goblin!
The kobold moves out of view.
No target in view!
You see here a +0 dagger.
c - a scroll labelled DALUCZ PASCH A bat comes into view.
The bat barely misses you.
You scratch the bat but do no damage. Your bite misses the bat.
The bat hits you but does no damage. The bat hits you. x2
You closely miss the bat. The bat misses you. The bat barely misses you.
The bat closely misses you.
You miss the bat. You bite the bat.
The bat is severely wounded.
The bat misses you. The bat hits you but does no damage.
You scratch the bat.
You kill the bat!
Magic restored.
d - a scroll labelled QONEIC AROMO A quokka comes into view.
Found a scroll labelled QONEIC AROMO.
A quokka is nearby!
A ball python comes into view.
Found an escape hatch in the floor.
You scratch the quokka but do no damage.
The quokka bites you.
Ouch! That really hurt!
* * * LOW HITPOINT WARNING * * *
You are too injured to fight recklessly!
You are too injured to fight recklessly!
You completely miss the quokka.
The ball python hisses angrily.
The quokka bites you.
You die...

.......####.........######.
######.# ##.#.†...........
###.# #.#.###.#######.
#...# #.#.# #.# #.#.#
#.#.###.# ####..###
#.......# ..<#....##
###.######### .........##
##.##.....>. ..###.....#
#...@r$...S# ..#
#.....###..##...##.# .##
##.....##..# ...# .#
#..#..##..# ...# .#
#..#..##..# ...# .##
##.....##..# ...# ..#
#.....###..# #.##
..###.....# #?.# .#
...#.....##


You could see a quokka and a ball python.

Vanquished Creatures
  A dart slug (D:1)
  A goblin (D:1)
  A bat (D:1)
  A rat (D:1)
4 creatures vanquished.

Notes
Turn   | Place    | Note
-------+----------+-------------------------------------------
     0 | D:1      | rsvaco the Felid Venom Mage began the quest for the Orb.
     0 | D:1      | Reached XP level 1. HP: 7/7 MP: 4/4
   138 | D:1      | Slain by a quokka

Illustrated notes

Levels and vault maps discovered:
D:1:      minmay_arrival_loop, layout_loops_ring, chequers_jeans,
          corexii_hall_statues_u

Action                   || total
-------------------------++-------
Melee: Unarmed           ||     7
       Bite              ||     1
 Cast: Sting             ||     3
Armor: Skin              ||     2
Dodge: Dodged            ||     6

Table legend: (Time is in decaauts)
 A = Elapsed time spent in this place.
 B = Non-inter-level travel time spent in this place.
 C = Inter-level travel time spent in this place.
 D = Time resting spent in this place.
 E = Time spent auto-exploring this place.
 F = Levels seen in this place.
 G = Mean time per level.
                   A        B        C        D        E       F      G
               +--------+--------+--------+--------+--------+-----+--------+
         Total |    114 |    114 |      0 |      0 |     17 |   1 |  114.0 |
       Dungeon |    114 |    114 |      0 |      0 |     17 |   1 |  114.0 |
               +--------+--------+--------+--------+--------+-----+--------+

Top non-repeatable levels by time:
     D:1: 114 daAuts
